Map: Ley Lines

Players

Vaisravana - Winner!

  • Race: Zerg Zerg
  • Spawn Location: 7:00

A.I. 2 (Very Easy)

  • Race: Protoss Protoss
  • Spawn Location: 1:00

VOD

Have the link to the VOD?

Description

Time

  • Played on: May 10, 2025, 8:36 a.m.
  • Length: 6:32
Show
View Real Time Build Order
Export as new Build Order

Vaisravana Zerg - Winner!

Build Orders: Pool First 

Get SALT Encoding   

  12  0:00  Drone  
  13  0:12  Overlord  
  13  0:17  Drone  
  14  0:30  Drone x2  
  16  0:40  Spawning Pool  
  15  0:44  Drone  
  15  0:48  Drone  
  17  1:10  Drone, Hatchery  
  17  1:12  Extractor  
  16  1:27  Zergling x4  
  16  1:28  Zergling x2  
  19  1:34  Queen  
  19  1:39  Drone  
  22  1:49  Overlord  
  22  2:08  Drone  
  23  2:09  Queen  
  23  2:11  Drone  
  23  2:14  Metabolic Boost  
  26  2:22  Drone x2  
  28  2:33  Drone x2  
  30  2:39  Queen  
  32  2:49  Lair  
  32  2:53  Drone, Extractor  
  32  2:54  Drone  
  33  3:00  Drone x2  
  35  3:06  Overlord  
  35  3:16  Drone  
  36  3:24  Drone x3  
  36  3:25  Drone x3  
  42  3:30  Overlord  
  42  3:34  Drone  
  42  3:36  Drone  
  44  3:44  Overlord  
  44  3:50  Spire  
  43  3:55  Drone  
  43  3:56  Drone x2  
  43  3:59  Extractor x2  
  43  4:01  Drone  
  45  4:03  Drone  
  45  4:04  Overseer  
  45  4:08  Drone x2  
  48  4:10  Drone  
  48  4:13  Drone  
  48  4:14  Drone  
  51  4:28  Drone x3  
  51  4:29  Overlord  
  54  4:32  Zergling x8  
  54  4:33  Zergling x2  
  59  4:42  Zergling x2  
  59  4:43  Overlord  
  60  5:02  Mutalisk x5  
  60  5:04  Mutalisk  
  73  5:14  Zergling x6  
  73  5:16  Zergling x2  
  73  5:18  Overlord  
  76  5:22  Overlord, Hatchery  
  75  5:36  Mutalisk x2  
  75  5:39  Zergling x8  
  75  5:42  Mutalisk  
  83  5:44  Zergling x2  
  83  5:48  Zergling x2  
  87  6:03  Zergling x8  
  91  6:08  Zergling x2  
  91  6:10  Overlord x2  
Show
View Real Time Build Order
Export as new Build Order

A.I. 2 (Very Easy) Protoss 

Build Orders:  

Get SALT Encoding   

  12  0:00  Probe  
  13  0:13  Probe  
  14  0:19  Pylon  
  14  0:37  Assimilator  
  14  0:42  Gateway  
  14  0:45  Pylon  
  14  1:12  Assimilator  
  14  1:22  Probe  
  14  1:24  Zealot  
  14  1:30  Probe  
  14  1:31  Cybernetics Core  
  18  1:40  Probe  
  19  1:52  Probe  
  20  1:57  Warp Gate  
  20  2:01  Probe  
  21  2:09  Probe  
  22  2:41  Stalker  
  24  4:18  Probe  
  24  5:52  Stalker  
  24  5:53  Probe  
  24  5:55  Pylon  
  25  6:06  Probe  
  22  6:15  Probe  
  6  6:20  Zealot  
Tags
 
Matchup
PvZ
Opening
Pool First
Spawn Locations
Cross Positions
Add a new tag
Caveats
  • Supply blocks, unpowered buildings, or Contaminate may cause inaccurate times.
  • Supply counts are checked every 10 seconds.